Map: Flashback EE

Players

MrFercho

  • Race: Zerg Zerg
  • League: Silver
  • Spawn Location: 11:00

TATORREA

  • Race: Protoss Protoss
  • League: Silver
  • Spawn Location: 9:00

tigro

  • Race: Terran Terran
  • League: Bronze
  • Spawn Location: 11:00

KiraLacus

  • Race: Terran Terran
  • League: Silver
  • Spawn Location: 7:00

Sepharite

  • Race: Protoss Protoss
  • League: Silver
  • Spawn Location: 7:00

baddude

  • Race: Zerg Zerg
  • League: Silver
  • Spawn Location: 7:00

VOD

Have the link to the VOD?

Description

Time

  • Played on: June 16, 2020, 10:01 p.m.
  • Length: 12:04
Show
View Real Time Build Order
Export as new Build Order

MrFercho Zerg 

Build Orders: Hatch First 

Get SALT Encoding   

  12  0:01  Drone  
  13  0:15  Overlord  
  13  0:18  Drone  
  14  0:33  Drone x2  
  16  0:56  Drone  
  17  0:59  Drone  
  17  1:03  Drone  
  19  1:04  Hatchery  
  19  1:10  Drone  
  19  1:23  Spawning Pool  
  19  1:25  Extractor  
  17  1:26  Drone  
  18  1:33  Drone  
  19  1:51  Drone  
  19  1:52  Drone  
  21  2:09  Drone  
  22  2:15  Queen  
  22  2:16  Queen  
  22  2:18  Overlord x2  
  26  2:31  Drone x2  
  28  2:43  Roach Warren  
  28  2:44  Drone x2  
  29  2:47  Drone  
  30  2:51  Extractor  
  30  2:53  Lair  
  29  3:02  Queen  
  31  3:09  Drone x2  
  31  3:10  Drone  
  34  3:31  Drone x5  
  34  3:32  Drone  
  42  3:41  Drone x4  
  44  3:59  Hydralisk Den  
  43  4:04  Extractor  
  43  4:05  Extractor, Drone x3  
  44  4:17  Hatchery  
  44  4:18  Drone  
  44  4:20  Overlord x3  
  44  4:30  Grooved Spines  
  44  4:40  Drone  
  45  4:47  Drone x2  
  45  4:48  Drone x4  
  51  4:56  Overlord x2  
  51  5:12  Spire  
  50  5:16  Nydus Network  
  50  5:18  Evolution Chamber  
  49  5:22  Drone x3  
  49  5:27  Drone  
  49  5:28  Drone x2  
  55  5:33  Glial Reconstitution  
  55  5:42  Hatchery  
  54  5:43  Drone x3  
  57  5:52  Muscular Augments  
  57  6:00  Lurker Den  
  57  6:02  Drone x5  
  61  6:07  Extractor  
  61  6:08  Extractor  
  59  6:11  Hydralisk x3  
  59  6:12  Hydralisk x2  
  69  6:26  Spine Crawler x2  
  69  6:27  Spore Crawler  
  66  6:33  Mutalisk x3  
  66  6:36  Spine Crawler  
  66  6:38  Spine Crawler  
  66  6:39  Mutalisk  
  72  6:44  Hydralisk  
  72  6:45  Hydralisk  
  74  6:48  Zergling x12  
  74  7:04  Mutalisk x2  
  76  7:14  Mutalisk  
  78  7:25  Mutalisk  
  79  7:39  Mutalisk  
  55  7:59  Spore Crawler  
  55  8:00  Spore Crawler  
  55  8:02  Spore Crawler, Mutalisk x2  
  36  8:20  Lair  
  36  8:24  Mutalisk  
  34  8:39  Zergling x2  
  34  8:40  Zergling x8  
  37  8:55  Spine Crawler, Mutalisk  
  36  8:56  Spine Crawler  
  37  9:20  Spawning Pool  
  35  9:27  Mutalisk x2  
  13  9:40  Hydralisk  
  13  9:41  Hydralisk  
  16  10:02  Hydralisk  
  16  10:03  Hydralisk  
Show
View Real Time Build Order
Export as new Build Order

TATORREA Protoss 

Build Orders:  

Get SALT Encoding   

  12  0:03  Probe  
  13  0:15  Probe  
  13  0:19  Pylon  
  14  0:27  Probe  
  15  0:39  Probe  
  15  0:42  Gateway  
  16  0:48  Probe  
  16  0:49  Assimilator  
  16  0:56  Probe  
  18  1:05  Probe  
  19  1:17  Probe  
  20  1:22  Pylon  
  20  1:25  Probe  
  20  1:26  Assimilator  
  21  1:34  Probe  
  21  1:36  Cybernetics Core  
  22  1:40  Gateway  
  22  1:44  Probe  
  23  1:56  Probe  
  24  2:08  Probe  
  25  2:19  Nexus  
  25  2:20  Probe  
  26  2:25  Pylon  
  26  2:30  Probe  
  26  2:34  Warp Gate  
  27  2:38  Probe  
  27  2:44  Stalker  
  30  2:47  Probe  
  30  2:49  Stalker  
  33  2:59  Probe  
  34  3:11  Robotics Facility, Probe  
  35  3:19  Stalker  
  37  3:23  Probe  
  38  3:30  Stalker  
  40  3:35  Probe  
  40  3:37  Probe  
  40  3:38  Pylon  
  42  3:47  Probe  
  43  3:49  Probe  
  43  3:50  Assimilator  
  43  3:54  Assimilator  
  44  4:00  Probe  
  44  4:01  Probe  
  46  4:04  Immortal  
  50  4:12  Probe  
  50  4:13  Probe  
  52  4:24  Probe  
  53  4:25  Probe  
  54  4:34  Nexus  
  54  4:37  Pylon  
  54  4:50  Probe x2  
  56  4:54  Stalker x2  
  56  4:56  Immortal  
  56  4:58  Pylon  
  64  5:02  Pylon, Probe  
  65  5:09  Probe  
  66  5:14  Probe  
  66  5:21  Probe  
  68  5:26  Probe  
  68  5:27  Gateway  
  69  5:29  Gateway  
  69  5:32  Gateway  
  69  5:33  Probe  
  69  5:34  Gateway  
  70  5:39  Immortal, Probe  
  75  5:45  Probe  
  75  5:48  Stalker  
  78  5:51  Stalker, Probe  
  78  5:53  Probe  
  82  5:57  Probe  
  82  6:03  Probe  
  84  6:05  Probe  
  84  6:09  Probe  
  80  6:21  Stalker  
  80  6:22  Stalker  
  80  6:25  Stalker x2  
  74  6:32  Stalker x2  
  53  6:48  Stalker x2  
  53  6:51  Stalker  
  53  6:52  Stalker  
  40  6:57  Stalker x2  
  23  7:07  Probe  
  13  7:17  Probe  
  13  7:21  Nexus  
  14  7:24  Pylon  
  14  7:25  Probe  
  14  7:27  Pylon  
  14  7:29  Pylon  
  15  7:33  Probe  
  15  7:41  Assimilator  
  15  7:44  Probe  
  16  7:45  Assimilator  
  17  7:52  Probe  
  18  8:00  Probe  
  19  8:09  Probe  
  20  8:17  Probe  
  20  8:26  Probe  
  22  8:38  Probe  
  22  8:39  Cybernetics Core  
  22  8:41  Gateway, Probe  
  23  8:42  Gateway  
  24  8:49  Probe  
  24  8:50  Probe  
  26  8:58  Probe  
  26  8:59  Probe  
  28  9:06  Probe  
  28  9:11  Probe  
  28  9:17  Probe  
  30  9:23  Probe  
  32  9:26  Nexus  
  32  9:29  Probe  
  33  9:33  Probe  
  33  9:34  Pylon  
  34  9:41  Probe x2  
  36  9:47  Assimilator  
  36  9:50  Probe  
  36  9:51  Assimilator  
  36  9:53  Probe  
  38  10:02  Probe  
  38  10:05  Probe  
  40  10:10  Robotics Facility  
  40  10:12  Gateway  
  40  10:14  Probe  
  40  10:15  Gateway  
  40  10:17  Probe  
  42  10:24  Probe  
  43  10:29  Probe  
  43  10:32  Probe  
  44  10:40  Probe  
  44  10:42  Stalker x2  
  21  11:21  Pylon  
  21  11:27  Nexus  
  21  11:30  Pylon x2  
  21  11:31  Pylon x2  
  21  11:32  Pylon x3, Nexus  
  21  11:36  Pylon  
  21  11:39  Nexus  
  21  11:40  Pylon  
  21  11:42  Pylon  
  21  11:47  Cybernetics Core  
Show
View Real Time Build Order
Export as new Build Order

tigro Terran 

Build Orders:  

Get SALT Encoding   

  12  0:04  SCV  
  13  0:16  SCV  
  14  0:24  Supply Depot  
  14  0:28  SCV  
  15  0:38  Refinery  
  15  0:45  SCV  
  16  0:50  Refinery  
  16  1:00  Barracks  
  16  1:02  SCV  
  17  1:14  SCV  
  18  1:26  SCV  
  18  1:29  Supply Depot  
  19  1:38  SCV  
  20  1:50  Marine, SCV  
  22  2:02  SCV  
  22  2:07  Marine  
  24  2:09  Barracks  
  24  2:15  SCV  
  25  2:25  Marine, Engineering Bay  
  25  2:27  SCV  
  27  2:43  Marine  
  28  2:46  Orbital Command  
  28  2:57  Factory  
  28  2:59  Barracks Tech Lab  
  28  3:01  Marine  
  29  3:28  Barracks Tech Lab  
  29  3:31  Command Center, Terran Infantry Weapons Level 1  
  29  3:37  Combat Shield  
  29  3:53  Stimpack  
  29  4:13  Factory Tech Lab  
  29  4:22  Refinery  
  29  4:34  Starport  
  29  4:56  Concussive Shells  
  29  5:04  SCV  
  30  5:15  Armory  
  30  5:16  SCV  
  30  5:17  Medivac  
  30  5:19  Marine x2  
  35  5:26  Terran Infantry Armor Level 1  
  35  5:28  SCV  
  36  5:29  Refinery  
  36  5:37  Marine x2  
  36  5:39  Siege Tank  
  36  5:40  SCV  
  42  5:51  Starport Tech Lab  
  42  5:52  SCV  
  42  5:55  Marine x2  
  45  6:04  SCV  
  45  6:08  Starport  
  46  6:16  SCV  
  47  6:28  Marine  
  47  6:29  Marine  
  40  6:46  Marine x2  
  37  6:48  Fusion Core  
  37  6:52  Siege Tank  
  40  6:59  Planetary Fortress  
  40  7:04  Marine x2  
  42  7:20  Neosteel Armor  
  42  7:22  Marine x2  
  42  7:24  Siege Tank  
  37  7:39  Marine  
  37  7:40  Marine  
  36  7:56  Siege Tank  
  36  7:57  Marine  
  36  7:58  Marine  
  33  8:24  Marine x2  
  31  8:30  Starport Tech Lab  
  27  8:42  Command Center  
  25  8:52  Marine x2  
  11  9:00  Hi-Sec Auto Tracking  
  5  9:09  Marine  
  5  9:10  Marine  
  4  9:27  Marine  
  4  9:28  Marine  
  3  9:48  Weapon Refit  
    10:43  Orbital Command  
    11:21  Orbital Command  
Show
View Real Time Build Order
Export as new Build Order

KiraLacus Terran 

Build Orders:  

Get SALT Encoding   

  12  0:00  SCV  
  13  0:18  SCV  
  13  0:19  Supply Depot  
  14  0:32  Supply Depot  
  14  0:35  SCV  
  15  0:46  Barracks  
  15  0:53  Refinery  
  15  1:07  Barracks  
  15  1:12  SCV  
  16  1:24  SCV  
  17  1:29  Refinery  
  17  1:36  Marine, SCV  
  19  1:54  Marine  
  20  2:01  Factory  
  20  2:05  Marine  
  21  2:09  SCV  
  21  2:15  Marine  
  23  2:21  SCV  
  24  2:22  Marine  
  25  2:33  SCV  
  26  2:41  Marine  
  27  2:45  SCV  
  27  2:46  Factory Reactor  
  28  2:53  Starport  
  28  2:59  Marine  
  28  3:01  Orbital Command  
  29  3:08  Marine  
  30  3:16  Marine  
  31  3:23  Supply Depot  
  31  3:30  Supply Depot  
  31  3:38  Hellion  
  31  3:41  Hellion  
  35  3:49  Medivac  
  37  3:59  Hellion  
  39  4:03  Hellion  
  39  4:06  Marine  
  42  4:18  Engineering Bay  
  42  4:26  Medivac  
  44  4:39  Factory Tech Lab  
  44  4:42  SCV  
  44  4:44  Marine x2  
  47  4:58  Siege Tank  
  50  5:01  Starport Reactor  
  50  5:02  Marine  
  51  5:13  Marine  
  52  5:20  Marine  
  53  5:31  Marine  
  54  5:38  Marine  
  54  5:40  Siege Tank  
  58  5:49  Marine  
  59  5:54  Viking  
  59  5:55  Viking  
  59  5:56  Marine  
  64  6:06  Marine  
  65  6:12  Siege Tank  
  66  7:06  Marine x2  
  66  7:07  Siege Tank  
  71  8:29  Marine  
  70  8:36  Viking  
  71  9:00  Viking  
  71  9:21  Starport  
  71  9:22  Starport  
  71  9:24  Starport  
  71  10:04  Starport Reactor  
  71  10:06  Starport Reactor  
  71  10:12  Supply Depot  
  71  10:13  Supply Depot  
  71  10:15  Supply Depot  
  71  10:20  Supply Depot  
  71  10:34  Viking x2, Siege Tank  
  76  11:04  Viking x2  
Show
View Real Time Build Order
Export as new Build Order

Sepharite Protoss 

Build Orders:  

Get SALT Encoding   

  12  0:04  Probe  
  13  0:15  Pylon  
  13  0:19  Probe  
  14  0:34  Probe  
  14  0:36  Gateway  
  15  0:45  Probe  
  15  0:49  Gateway  
  16  0:58  Assimilator  
  16  1:03  Probe  
  17  1:11  Probe  
  18  1:20  Probe  
  18  1:23  Assimilator  
  19  1:28  Cybernetics Core  
  19  1:33  Probe  
  19  1:39  Pylon  
  20  1:45  Probe  
  23  1:55  Warp Gate  
  23  1:57  Probe  
  22  2:09  Stalker, Probe  
  25  2:23  Probe  
  25  2:24  Nexus  
  26  2:30  Stalker  
  28  2:50  Probe  
  28  2:51  Robotics Facility  
  29  3:03  Stalker  
  31  3:08  Pylon  
  31  3:29  Probe  
  31  3:30  Twilight Council  
  32  3:44  Warp Prism  
  34  3:55  Gateway  
  34  3:56  Probe  
  34  3:57  Gateway, Probe  
  34  4:01  Charge  
  36  4:09  Probe x2  
  38  4:10  Zealot  
  38  4:11  Zealot  
  42  4:23  Probe  
  42  4:24  Gateway, Probe  
  44  4:56  Zealot  
  44  4:57  Zealot x3  
  44  4:59  Probe x2  
  54  5:08  Assimilator  
  54  5:12  Assimilator  
  54  5:15  Pylon  
  54  5:17  Pylon  
  54  5:24  Immortal  
  54  5:34  Probe  
  59  5:37  Zealot x5  
  69  6:01  Pylon  
  69  6:02  Pylon  
  69  6:03  Probe  
  70  6:04  Pylon  
  70  6:17  Probe  
  67  6:19  Immortal  
  69  6:43  Stalker x4  
  69  6:44  Zealot  
  69  7:05  Warp Prism  
  69  7:06  Zealot x4  
  69  7:07  Zealot  
  75  7:25  Blink  
  69  7:46  Zealot x3  
  69  7:47  Zealot x2  
  75  7:56  Nexus  
  75  7:59  Pylon  
  75  8:01  Assimilator  
  69  8:14  Gateway  
  69  8:15  Gateway  
  69  8:17  Gateway  
  65  8:20  Gateway  
  65  8:26  Zealot x2  
  65  8:27  Zealot x3  
  73  8:50  Zealot x2  
  73  8:51  Zealot x3  
  83  9:11  Stalker  
  83  9:13  Zealot x4  
  89  9:25  Probe x2  
  87  9:37  Probe x2  
  91  10:07  Immortal  
  91  10:12  Zealot x5  
  95  10:31  Stalker x3  
  95  10:32  Stalker x2  
  103  10:46  Templar Archives  
  103  10:49  Gateway  
  103  10:51  Gateway  
  103  10:58  Gateway  
  103  11:01  Gateway  
  103  11:07  Forge  
  103  11:13  Forge  
  103  11:28  High Templar x5  
  103  11:32  Archon  
  113  11:33  Archon  
  113  12:01  High Templar x2  
Show
View Real Time Build Order
Export as new Build Order

baddude Zerg 

Build Orders: Hatch First 

Get SALT Encoding   

  12  0:33  Drone  
  13  0:38  Hatchery  
  12  0:44  Drone x2  
  14  0:50  Overlord  
  14  1:00  Overlord  
  14  1:17  Spawning Pool  
  13  1:21  Drone  
  14  1:25  Drone  
  15  1:38  Drone  
  16  1:43  Drone  
  17  1:50  Drone  
  18  2:01  Extractor  
  18  2:04  Drone x2  
  18  2:05  Queen  
  18  2:07  Queen  
  24  2:16  Drone  
  25  2:26  Drone  
  26  2:31  Drone  
  26  2:34  Extractor  
  26  2:36  Overlord x2  
  26  2:41  Drone  
  27  2:48  Drone  
  27  2:51  Drone  
  29  3:01  Roach Warren, Drone  
  29  3:10  Overlord x2  
  29  3:15  Drone  
  30  3:21  Extractor  
  30  3:26  Drone x4  
  33  3:32  Overlord x2  
  33  3:35  Drone  
  34  3:55  Overlord x2  
  34  4:11  Overlord  
  34  4:14  Overlord  
  34  4:27  Roach  
  34  4:28  Roach x4  
  44  4:32  Roach  
  44  4:33  Roach x6  
  58  4:47  Evolution Chamber  
  58  4:52  Roach  
  59  4:57  Roach x3  
  65  5:00  Roach  
  65  5:01  Roach x3  
  65  5:03  Zergling x2  
  65  5:06  Zergling x2  
  75  5:17  Roach  
  75  5:20  Roach  
  79  5:30  Roach x4  
  79  5:32  Zergling x2  
  79  5:35  Roach x2  
  92  5:37  Zergling x4  
  94  5:59  Roach x5  
  94  6:00  Zergling x2  
  102  6:26  Roach x3  
  102  6:54  Roach x3  
  106  6:55  Roach  
  106  6:56  Roach x3  
  106  6:58  Overlord x2  
  104  7:45  Overlord  
  104  7:50  Roach  
  104  7:51  Roach x3  
  107  7:53  Roach  
  107  7:54  Roach x5  
  95  8:21  Roach x6  
  95  8:22  Roach  
  107  8:29  Zerg Missile Weapons Level 1  
  105  9:18  Overlord x2  
  105  9:22  Roach x4  
  105  9:23  Roach x2  
  115  9:24  Roach  
  115  9:25  Roach x3  
  123  9:40  Metabolic Boost  
  123  10:03  Hatchery  
  122  10:08  Roach x6  
  122  10:09  Roach x3  
  140  10:23  Zergling x2  
  140  10:24  Zergling x4  
  143  11:18  Queen, Drone  
  144  11:21  Overlord x4  
  146  11:26  Roach x4  
  146  11:32  Zergling x2  
Tags
 
Add a new tag
Caveats
  • Supply blocks, unpowered buildings, or Contaminate may cause inaccurate times.
  • Supply counts are checked every 10 seconds.